 Dungeon Crawl Stone Soup version 0.26-a0-611-g354ed81502 (webtiles) character file.

Game seed: 11009074213930768056

13524 Krehm the Severer (level 12, -6/108 HPs)
             Began as a Hill Orc Monk on Sept 5, 2020.
             Was a High Priest of Beogh.
             Mangled by a storm dragon (14 damage)
             ... on level 12 of the Dungeon on Sept 6, 2020.
             The game lasted 01:16:37 (17211 turns).

Krehm the Severer (Hill Orc Monk)                  Turns: 17211, Time: 01:16:38

Health: -6/108     AC: 20    Str: 19    XL:     12   Next: 6%
Magic:  15/18      EV:  5    Int: 10    God:    Beogh [*****.]
Gold:   362        SH: 11    Dex: 13    Spells: 11/11 levels left

rFire    . . .     SeeInvis +   c - +0 broad axe
rCold    + + .     Faith    .   h - +1 kite shield {rC+}
rNeg     . . .     Spirit   .   G - +0 plate armour
rPois    .         Reflect  .   C - +0 helmet {SInv}
rElec    .         Harm     .   P - scarf {shadows}
rCorr    .                      s - +1 pair of gloves
MR       .....                  n - +2 pair of boots
Stlth    ..........             (no amulet)
HPRegen  0.28/turn              w - ring of protection from cold
MPRegen  0.16/turn              O - ring of flight

@: no status effects
A: walk on water
a: Smiting, Recall Orcish Followers, Give Item to Named Follower, Renounce
Religion, Evoke Flight


You were on level 12 of the Dungeon.
You worshipped Beogh.
Beogh was extremely pleased with you.
You visited 1 branch of the dungeon, and saw 12 of its levels.

You collected 819 gold pieces.
You spent 457 gold pieces at shops.

Inventory:

Hand Weapons
 c - a +0 broad axe (weapon)
 l - a +2 vorpal trident
 r - a +0 arbalest
 J - a +3 battleaxe
Missiles
 b - a throwing net
 e - 11 javelins
 y - 39 poisoned darts (quivered)
Armour
 h - a +1 kite shield of cold resistance (worn)
 n - a +2 pair of boots (worn)
 s - a +1 pair of gloves (worn)
 C - a +0 helmet of see invisible (worn)
 G - a +0 plate armour (worn)
 P - a scarf of shadows (worn)
Jewellery
 g - an uncursed ring of fire
 w - a ring of protection from cold (left hand)
 O - a ring of flight (right hand)
Wands
 a - a wand of flame (40)
 o - a wand of polymorph (8)
 A - a wand of enslavement (10)
 K - a wand of paralysis (12)
Scrolls
 d - 3 scrolls of fog
 f - 2 scrolls of enchant weapon
 i - 2 scrolls of enchant armour
 j - 5 scrolls of magic mapping
 p - 2 scrolls of fear
 q - 4 scrolls of amnesia
 B - a scroll of torment {unknown}
 D - 2 scrolls of teleportation
 F - 3 scrolls of remove curse
 H - 2 scrolls of blinking
 I - 2 scrolls of random uselessness {unknown}
 N - a scroll of noise {unknown}
Potions
 k - 5 potions of curing
 m - a potion of stabbing {unknown}
 t - 2 potions of cancellation {unknown}
 u - a potion of lignification {unknown}
 v - 4 potions of flight
 x - 3 potions of magic
 z - a potion of might {unknown}
 E - a potion of haste {unknown}
 L - 2 potions of mutation


   Skills:
 + Level 10.8 Fighting
 * Level 15.2 Axes
 + Level 8.3 Armour
 - Level 2.4 Dodging
 - Level 1.5 Stealth
 + Level 7.1 Shields
 + Level 9.1 Invocations


You had 11 spell levels left.
You didn't know any spells.
Your spell library contained the following spells:

 Spells                   Type           Power        Failure   Level
 Animate Skeleton         Necr           #.....       100%        1
 Corona                   Hex            #......      100%        1
 Magic Dart               Conj           #...         100%        1
 Pain                     Necr           #...         100%        1
 Shock                    Conj/Air       #...         100%        1
 Blink                    Tloc           N/A          100%        2
 Call Imp                 Summ           #.......     100%        2
 Ensorcelled Hibernation  Hex/Ice        #.....       100%        2
 Searing Ray              Conj           #.....       100%        2
 Slow                     Hex            #.......     100%        2
 Swiftness                Air            #.......     100%        2
 Confusing Touch          Hex            #.......     100%        3
 Conjure Flame            Conj/Fire      #.......     100%        3
 Dazzling Flash           Conj/Hex       #.....       100%        3
 Inner Flame              Hex/Fire       #.......     100%        3
 Mephitic Cloud           Conj/Pois/Air  #.......     100%        3
 Portal Projectile        Hex/Tloc       #.....       100%        3
 Static Discharge         Conj/Air       #.......     100%        3
 Tukima's Dance           Hex            #.......     100%        3
 Vampiric Draining        Necr           #.........   100%        3
 Airstrike                Air            #.........   100%        4
 Animate Dead             Necr           #.........   100%        4
 Cause Fear               Hex            #.........   100%        4
 Fulminant Prism          Conj/Hex       #.........   100%        4
 Iskenderun's Mystic Bla  Conj/Tloc      #.......     100%        4
 Leda's Liquefaction      Hex/Erth       #.........   100%        4
 Agony                    Necr           #.......     100%        5
 Lightning Bolt           Conj/Air       #.........   100%        5


Dungeon Overview and Level Annotations

Branches:
Dungeon (12/15)            Temple (0/1) D:5            Lair (0/6) D:10
    Orc (0/2) D:9

Altars:
Ashenzari
Cheibriados
Elyvilon
Fedhas
Gozag
Hepliaklqana
Nemelex Xobeh
Sif Muna
Trog
Vehumet
Wu Jian
Xom
Yredelemnul
The Shining One
Beogh

Shops:
D:5 [   D:6 [   D:7 *   D:8 :   D:10 *   D:12 !

Annotations:
D:9 3 runed translucent doors, exclusion: 3 doors, nemuritori's ghost, novice HuTm


Message History

* * * LOW HITPOINT WARNING * * *
The bolt of lightning hits Bladwarg!
Okay, then.
Unknown command.
Press: ? - help, v - describe, . - travel
Here: a tengu reaver, wielding a +0 war axe, wearing a +0 ring mail and wearing a +0 buckler of reflection The floor.
Search for what [Enter for "."]? rele Can't find anything matching that.
Press: ? - help, Dir - move target cursor, f - storm dragon, p - orc warrior Smite: a storm dragon (catching its breath)
You smite the storm dragon!
The storm dragon is lightly wounded.
The tengu reaver gestures at you while chanting.
The bolt of lightning hits the storm dragon.
The storm dragon completely resists.
The bolt of lightning hits you!!
* * * LOW HITPOINT WARNING * * *
The bolt of lightning hits Bladwarg!!!
The storm dragon bites you!
You die...

# #....o##########
.###....o#.o#.o#oo#
........o#.oo..oo.#
####.o..o##o####o##
####.o#..# #oo#
#.o#oo# #o.#
##o##o#+##o##
#o#oo#.$D†o#
#o#oo#.Q#@.#
#o#'######## ####
#.oo..$...
)).#.............
)))#####.########
)))# ..# ...# .###
...# #< ...# #


You could see a storm dragon (catching breath), a friendly orc knight, the
friendly Bladwarg the orc knight, 2 friendly orc warriors, 2 friendly orc
wizards and 2 friendly orcs.

Vanquished Creatures
  3 two-headed ogres
  A flayed ghost (D:12)
  2 deep elf magi (D:9)
  A manticore (D:12)
  Maurice (D:8)
  A troll (D:9)
  Grinder (D:6)
  3 hippogriffs
  A wraith (D:11)
  A wyvern (D:8)
  A yak (D:11)
  Edmund (D:4)
  Duvessa (D:6)
  4 orc warriors
  2 sky beasts
  A phantom (D:10)
  3 ice beasts
  6 ogres
  5 centaurs
  3 big kobolds
  6 bullfrogs
  Dowan (D:6)
  2 scorpions
  5 killer bees
  6 wights
  6 howler monkeys
  A crimson imp (D:9)
  2 bullfrog zombies (D:6)
  4 hounds
  4 orc priests
  2 gnoll shamans (D:7)
  A jelly (D:9)
  11 orc wizards
  4 iguanas
  7 worker ants
  A hound skeleton (D:5)
  A worker ant zombie (D:6)
  11 gnolls
  9 adders
  3 shadow imps
  3 white imps
  An ufetubus (D:9)
  An adder zombie (D:5)
  2 adder skeletons (D:4)
  5 worms
  A dart slug (D:2)
  7 leopard geckos
  48 orcs
  4 ball pythons
  4 bats
  2 giant cockroaches (D:7)
  10 goblins
  8 hobgoblins
  12 jackals
  5 quokkas
  9 frilled lizards
  A giant cockroach zombie (D:6)
  5 kobolds
  25 rats
282 creatures vanquished.

Vanquished Creatures (collateral kills)
  A tengu warrior (D:12)
  2 ugly things (D:12)
  2 manticores
  A centaur zombie (D:10)
  Joseph (D:9)
  A troll (D:12)
  A hornet (D:12)
  2 wyverns
  5 yaks
  A vampire mosquito (D:12)
  A water moccasin (D:9)
  A soldier ant (D:11)
  A sky beast (D:10)
  3 ice beasts
  3 orc warriors
  A swamp drake (D:9)
  3 ogres
  A necrophage (D:12)
  2 centaurs
  A bullfrog (D:7)
  2 scorpions
  7 killer bees
  6 wights
  6 howler monkeys
  A hound (D:10)
  3 orc priests
  2 gnoll shamans (D:7)
  An iron imp (D:9)
  2 jellies (D:9)
  2 orc wizards (D:9)
  An iguana (D:9)
  A gnoll (D:7)
  3 adders
  A white imp (D:8)
  An ufetubus (D:6)
  5 orcs
  A jackal skeleton (D:9)
  6 kobolds
85 creatures vanquished.

Vanquished Creatures (others)
  4 orc warriors
  A bullfrog skeleton (D:9)
  4 orc priests
  7 orc wizards
  A leopard gecko (D:5)
  36 orcs
  7 fungi
  8 plants (D:7)
  3 toadstools (D:1)
  A withered plant (D:5)
72 creatures vanquished.

Grand Total: 439 creatures vanquished

Notes
Turn   | Place    | Note
-------+----------+-------------------------------------------
     0 | D:1      | Krehm the Hill Orc Monk began the quest for the Orb.
     0 | D:1      | Reached XP level 1. HP: 19/19 MP: 1/1
   198 | D:1      | Reached XP level 2. HP: 26/27 MP: 2/2
   635 | D:1      | Reached skill level 5 in Axes
   820 | D:2      | Found a blossoming altar of Fedhas.
   822 | D:2      | Found a faded altar of an unknown god.
   872 | D:2      | Reached XP level 3. HP: 33/33 MP: 3/3
  1151 | D:2      | Found a snail-covered altar of Cheibriados.
  1176 | D:2      | Reached XP level 4. HP: 34/41 MP: 4/4
  1312 | D:2      | Reached skill level 6 in Axes
  2066 | D:3      | Reached XP level 5. HP: 44/47 MP: 5/5
  2346 | D:3      | Reached skill level 5 in Fighting
  2346 | D:3      | Reached skill level 1 in Armour
  2792 | D:3      | Reached skill level 7 in Axes
  3065 | D:4      | Found a bloodstained altar of Trog.
  3099 | D:4      | Reached XP level 6. HP: 56/56 MP: 6/6
  3391 | D:4      | Noticed Edmund
  3835 | D:4      | Killed Edmund
  3835 | D:4      | Reached skill level 8 in Axes
  3835 | D:4      | Reached XP level 7. HP: 30/62 MP: 7/7
  4281 | D:4      | Found a radiant altar of Vehumet.
  4487 | D:4      | Reached skill level 9 in Axes
  4727 | D:5      | Entered Level 5 of the Dungeon
  4801 | D:5      | Reached skill level 1 in Shields
  4912 | D:5      | Reached XP level 8. HP: 45/71 MP: 8/8
  5393 | D:5      | Became a worshipper of Beogh the Brigand
  5393 | D:5      | Reached * piety under Beogh
  5393 | D:5      | Reached ** piety under Beogh
  5718 | D:5      | Found a staircase to the Ecumenical Temple.
  5732 | D:5      | Found Binous's Antique Armour Shop.
  5818 | D:5      | Found a shimmering altar of Xom.
  6157 | D:5      | Found a basalt altar of Yredelemnul.
  6209 | D:5      | Found a hazy altar of Hepliaklqana.
  6441 | D:5      | Bought a glowing helmet for 247 gold pieces
  6470 | D:6      | Noticed Duvessa
  6471 | D:6      | Noticed Dowan
  6530 | D:6      | Reached skill level 1 in Invocations
  6535 | D:6      | Reached skill level 10 in Axes
  6912 | D:6      | Found Vuoracoy's Antique Armour Emporium.
  6999 | D:6      | Found an ornate altar of the Wu Jian Council.
  7038 | D:6      | Found a shattered altar of Ashenzari.
  7116 | D:6      | Killed Duvessa
  7116 | D:6      | Reached XP level 9. HP: 71/80 MP: 9/11
  7119 | D:6      | Reached *** piety under Beogh
  7128 | D:6      | Killed Dowan
  7611 | D:6      | Found a sparkling altar of Nemelex Xobeh.
  7954 | D:7      | Reached skill level 11 in Axes
  8262 | D:7      | Found Vyloleff's Elemental Accessories.
  8457 | D:7      | Reached skill level 5 in Armour
  8772 | D:7      | Reached **** piety under Beogh
  8775 | D:7      | Reached skill level 5 in Invocations
  8955 | D:7      | Reached skill level 12 in Axes
  9573 | D:7      | Reached XP level 10. HP: 75/90 MP: 12/14
 10055 | D:6      | Bought a glowing kite shield for 210 gold pieces
 10064 | D:6      | Noticed Grinder
 10077 | D:6      | Killed Grinder
 10481 | D:8      | Found Puzuk's Book Shop.
 10724 | D:8      | Noticed Maurice
 10735 | D:8      | Found a white marble altar of Elyvilon.
 10749 | D:8      | Killed Maurice
 10772 | D:8      | HP: 4/91 [poisoned by a killer bee]
 10777 | D:8      | HP: 4/91 [poisoned by a killer bee]
 10784 | D:8      | HP: 3/91 [poisoned by a killer bee]
 10792 | D:8      | HP: 3/91 [poisoned by a killer bee]
 11150 | D:8      | Got a jewelled bardiche
 11451 | D:8      | Found a shimmering blue altar of Sif Muna.
 11686 | D:9      | Reached skill level 13 in Axes
 11737 | D:9      | Found a staircase to the Orcish Mines.
 12070 | D:9      | Identified the +5 bardiche of Liemm {antimagic, +Rage rN+
                  | MP+9} (You found it on level 8 of the Dungeon)
 12112 | D:9      | Noticed a two-headed ogre
 12119 | D:9      | Killed a two-headed ogre
 12119 | D:9      | Reached skill level 5 in Shields
 12459 | D:9      | Noticed a two-headed ogre
 12463 | D:9      | Noticed Joseph
 12466 | D:9      | Killed a two-headed ogre
 12466 | D:9      | Reached XP level 11. HP: 65/99 MP: 16/16
 12476 | D:9      | Killed Joseph
 12785 | D:9      | Reached skill level 10 in Fighting
 12860 | D:9      | Noticed a deep elf mage
 12876 | D:9      | Killed a deep elf mage
 12925 | D:9      | Noticed a deep elf mage
 12936 | D:9      | Killed a deep elf mage
 12936 | D:9      | Reached skill level 14 in Axes
 13278 | D:9      | Found a runed translucent gate.
 13278 | D:9      | Found a runed translucent gate.
 13313 | D:9      | Found an opulent altar of Gozag.
 13313 | D:9      | Found a runed translucent gate.
 13315 | D:9      | Noticed nemuritori's ghost (novice HuTm)
 13367 | D:9      | Found a glowing golden altar of the Shining One.
 13631 | D:10     | Entered Level 10 of the Dungeon
 13842 | D:10     | Found a staircase to the Lair.
 13844 | D:10     | Reached ***** piety under Beogh
 13844 | D:10     | Gained Bladwarg as an ally
 14291 | D:10     | Found Poesuic's Practical Paraphernalia.
 14968 | D:11     | Gained Bogfrid as an ally
 15063 | D:11     | Noticed a manticore
 15067 | D:11     | Your ally Bogfrid died
 15071 | D:11     | Killed a manticore
 16350 | D:12     | Found Hutiut's Distillery.
 16394 | D:12     | Noticed a two-headed ogre
 16394 | D:12     | Noticed a green ugly thing
 16400 | D:12     | Killed a two-headed ogre
 16405 | D:12     | Noticed a tengu warrior
 16408 | D:12     | Killed a green ugly thing
 16413 | D:12     | Killed a tengu warrior
 16494 | D:12     | Found a roughly hewn altar of Beogh.
 16654 | D:12     | Noticed a manticore
 16664 | D:12     | Killed a manticore
 16741 | D:12     | Reached skill level 15 in Axes
 16846 | D:12     | Found a runed translucent door.
 16859 | D:12     | Noticed a flayed ghost
 16917 | D:12     | Killed a flayed ghost
 16917 | D:12     | Reached XP level 12. HP: 107/108 MP: 18/18
 17208 | D:12     | Noticed a storm dragon
 17208 | D:12     | Noticed a tengu reaver
 17211 | D:12     | Mangled by a storm dragon

Illustrated notes

Levels and vault maps discovered:
D:1:      elethiomel_arrival_shortcut, layout_loops_corners,
          minmay_gold_behind_fungi, chequers_serial_rivers_small_a
D:2:      layout_rooms, fedhas_altar_2, chequers_ecumenical_altar_simple,
          minivault_19, kennysheep_slug_shrine
D:3:      layout_basic, minmay_rat_hole
D:4:      layout_loops_ring, vehumet_altar_wand_db, trog_three_pillars_becter,
          uniq_edmund
D:5:      layout_loops_ring, yredelemnul_altar_generic,
          nicolae_overflow_crystal_walls, minmay_temple_entry_mini_moons,
          serial_shops, shop_statue, tgw_xom
D:6:      layout_loops_ring, kennysheep_mini, lemuel_coloured_pillars_altar,
          lemuel_doored_altar, serial_shops, nicolae_shop_stone, uniq_grinder,
          uniq_duvessa
D:7:      kennysheep_seaside_town, layout_loops_ring, nicolae_elemental_shop
D:8:      layout_basic, lemuel_blue_sif_altar, elyvilon_altar_5, serial_shops,
          shop_coins, uniq_maurice
D:9:      layout_loops_ring, marbit_many_paths, orc_0_dummy,
          ebering_ghost_gozag, hangedman_minor_magic, uniq_joseph
D:10:     layout_irregular_city, lair_entry_dummy, nicolae_alphabet_shops
D:11:     layout_cave_pools, kennysheep_generic_room_3
D:12:     layout_roguey, serial_shops, shop, special_room [special_room_orc],
          chequers_garden, minivault_13

Skill      XL: |  1  2  3  4  5  6  7  8  9 10 11 |
---------------+----------------------------------+-----
Fighting       | 4 5 6 7 8 9 10 | 10.8
Axes           | 5 6 7 8 9 10 12 13 15 | 15.2
Armour         | 1 2 3 4 5 7 8 |  8.3
Shields        | 2 4 5 7 |  7.1
Invocations    | 2 5 7 9 |  9.1
Dodging        | |  2.4
Stealth        | |  1.5

Action                   |  1- 3 |  4- 6 |  7- 9 | 10-12 || total
-------------------------+-------+-------+-------+-------++-------
Melee: Hand axe          |    22 |       |       |       ||    22
       Dagger            |    59 |   204 |       |       ||   263
       War axe           |       |    49 |   451 |   189 ||   689
       Unarmed           |       |     7 |       |       ||     7
       Broad axe         |       |       |       |   155 ||   155
 Fire: Hunting sling     |       |    17 |       |       ||    17
Throw: Javelin           |       |       |     3 |       ||     3
Invok: Convert to Beogh  |       |       |     1 |       ||     1
       Smiting           |       |       |       |     4 ||     4
       Give Item to Name |       |       |       |     1 ||     1
Evoke: Wand              |       |     2 |     1 |       ||     3
  Use: Scroll            |     2 |     7 |     3 |     6 ||    18
       Potion            |       |     2 |     1 |       ||     3
 Stab: Sleeping          |     3 |       |       |       ||     3
       Distracted        |     1 |       |     1 |     4 ||     6
Armor: Robe              |    11 |       |       |       ||    11
       Scale mail        |       |    51 |       |       ||    51
       Chain mail        |       |    58 |   163 |       ||   221
       Plate armour      |       |       |       |   174 ||   174
Dodge: Dodged            |    47 |   102 |   101 |    76 ||   326
Block: Buckler           |       |       |    78 |     3 ||    81
       Kite shield       |       |       |       |   165 ||   165

Table legend: (Time is in decaauts)
 A = Elapsed time spent in this place.
 B = Non-inter-level travel time spent in this place.
 C = Inter-level travel time spent in this place.
 D = Time resting spent in this place.
 E = Time spent auto-exploring this place.
 F = Levels seen in this place.
 G = Mean time per level.
                   A        B        C        D        E       F      G
               +--------+--------+--------+--------+--------+-----+--------+
         Total |  17192 |  16404 |    788 |   6602 |   6314 |  12 | 1432.7 |
       Dungeon |  17192 |  16404 |    788 |   6602 |   6314 |  12 | 1432.7 |
               +--------+--------+--------+--------+--------+-----+--------+

Top non-repeatable levels by time:
     D:7: 2075 daAuts
     D:9: 2023 daAuts
     D:5: 1798 daAuts
    D:11: 1683 daAuts
     D:3: 1631 daAuts
     D:6: 1574 daAuts
     D:8: 1420 daAuts
     D:4: 1147 daAuts
     D:2: 1145 daAuts
    D:10: 1016 daAuts
    D:12: 868 daAuts
     D:1: 810 daAuts
